 Dungeon Crawl Stone Soup version 0.22.1-1-ga44c0e5 (webtiles) character file.

3080 Fang the Cleaver (level 9, -6/85 HPs)
             Began as a Gargoyle Berserker on Sept 21, 2018.
             Was an Elder of Trog.
             Mangled by a two-headed ogre
             ... wielding a cursed +0 giant spiked club
              (17 damage)
             ... on level 8 of the Dungeon.
             The game lasted 00:14:45 (8322 turns).

Fang the Cleaver (Gargoyle Berserker)               Turns: 8322, Time: 00:14:45

Health: -6/85      AC:  8    Str: 31    XL:     9   Next: 89%
Magic:  9/9        EV: 14    Int:  9    God:    Trog [****..]
Gold:   300        SH:  0    Dex:  9    Spells: 8/8 levels left

rFire    . . .     SeeInvis .   x - +11 war axe "Beastbane" {chop, Str+3}
rCold    . . .     Gourm    .   (no shield)
rNeg     + . .     Faith    .   b - +0 animal skin
rPois    ∞         Spirit   .   (no helmet)
rElec    +         Reflect  .   (no cloak)
rCorr    .         Harm     .   (no gloves)
MR       .....                  (no boots)
Stlth    ..........             (no amulet)
HPRegen  0.24/turn              j - ring of wizardry
MPRegen  0.11/turn              (no ring)

@: berserking, very quick
A: negative energy resistance 1, electricity resistance, unbreathing,
petrification resistance, rot immunity, AC +6
a: Berserk, Trog's Hand, Brothers in Arms, Renounce Religion


You were on level 8 of the Dungeon.
You worshipped Trog.
Trog was greatly pleased with you.
You were not hungry.

You visited 1 branch of the dungeon, and saw 8 of its levels.

You collected 300 gold pieces.

Inventory:

Hand Weapons
 a - a +0 hand axe
 x - the +11 war axe "Beastbane" (weapon) {chop, Str+3}
   (You found it on level 6 of the Dungeon)

   It inflicts extra damage upon your enemies.
   It affects your strength (+3).
Armour
 b - a +0 animal skin (worn)
Jewellery
 j - a ring of wizardry (left hand)
 u - a cursed amulet of inaccuracy {unknown}
 y - a cursed amulet of inaccuracy {unknown}
 G - a cursed -2 ring of intelligence {unknown}
Wands
 l - a wand of scattershot (6)
 q - a wand of flame (28)
 z - a wand of acid (6)
 C - a wand of disintegration (15)
 E - a wand of iceblast (11)
 F - a wand of polymorph (11)
Scrolls
 e - 10 scrolls of identify {unknown}
 f - 2 scrolls of enchant armour {unknown}
 g - 5 scrolls of remove curse {unknown}
 h - 3 scrolls of fog {unknown}
 n - 2 scrolls of blinking {unknown}
 r - 2 scrolls of enchant weapon {unknown}
 s - a scroll of magic mapping {unknown}
 t - 2 scrolls of amnesia {unknown}
 w - a scroll of noise {unknown}
 B - 2 scrolls of teleportation {unknown}
Potions
 d - 2 potions of flight {unknown}
 i - 3 potions of lignification {unknown}
 k - 4 potions of mutation {unknown}
 m - 3 potions of brilliance {unknown}
 o - a potion of invisibility {unknown}
 p - 2 potions of haste {unknown}
 v - a potion of curing {unknown}
 A - a potion of degeneration {unknown}
 D - a potion of heal wounds {unknown}
Comestibles
 c - 9 rations


   Skills:
 + Level 7.1 Fighting
 + Level 9.4 Axes
 + Level 2.3 Armour
 + Level 5.1 Dodging
 + Level 4.9 Stealth


You had 8 spell levels left.
You didn't know any spells.
Your spell library was empty.

Dungeon Overview and Level Annotations

Branches:
Dungeon (8/15)             Temple (0/1) D:7            Lair (0/6) D:8

Altars:
Ashenzari
Trog
Vehumet

Shops:
D:6 (


Innate Abilities, Weirdness & Mutations

You are resistant to torment.
Your stone body is resilient. (AC +6)
You are immune to poison.
You resist negative energy. (rN+)
You are resistant to electric shocks. (rElec)
You can survive without breathing.
You are immune to petrification.
You are immune to rotting.


Message History

The troll closely misses you. The troll barely misses you.
You barely miss the two-headed ogre.
The two-headed ogre is heavily wounded.
You slash the centaur!
You kill the centaur!
Trog accepts your kill.
You slice the troll!!
You kill the troll!
Trog accepts your kill.
Your Fighting skill increases to level 7!
You slash the two-headed ogre!
The two-headed ogre is severely wounded.
The two-headed ogre misses you. The two-headed ogre barely misses you.
You barely miss the two-headed ogre.
The two-headed ogre is severely wounded.
Unknown command.
You slash the two-headed ogre!
The two-headed ogre is almost dead.
The two-headed ogre hits you with a giant spiked club!
You die...

#.##PP.##.#
####..PPP.P..# ...
###..#≈.P.>PP.≈# .. .
..#..#..PP.PP..# .. ..
.....#.##.P.##.# . ...
..#..#..#)..#..## .#....
..##..#...≈...#.##......
..#.[....###....#...#
....#..).)(..(..@O.#
...######........).#
.......#...........#
.#.###.............#
.#.................#
(####..#..........%#
.####................
.................##.#
....###...........


You could see a two-headed ogre.

Vanquished Creatures
  Pikel (D:6)
  A troll (D:8)
  Grinder (D:4)
  2 hungry ghosts (D:8)
  Menkaure (D:7)
  An orc warrior (D:7)
  A sky beast (D:6)
  3 slaves (D:6)
  An ogre (D:7)
  A phantom (D:8)
  A centaur (D:8)
  Blork the orc (D:5)
  3 bullfrogs
  A scorpion (D:5)
  3 crimson imps
  A centaur zombie (D:8)
  A hound (D:8)
  2 jellies
  4 orc priests
  Crazy Yiuf (D:2)
  4 bullfrog skeletons
  7 orc wizards
  A centaur skeleton (D:6)
  Ijyb (D:3)
  2 worker ants
  A mummy (D:6)
  A worker ant zombie (D:8)
  7 adders
  6 gnolls
  2 oozes
  2 adder skeletons
  2 adder zombies
  3 worms
  4 dart slugs
  A leopard gecko (D:2)
  26 orcs
  3 giant cockroaches
  6 goblins (D:2)
  8 hobgoblins
  5 jackals
  8 kobolds
  6 quokkas
  12 bats
  8 frilled lizards
  2 hobgoblin zombies (D:6)
  2 kobold zombies (D:6)
  2 leopard gecko skeletons
  2 quokka skeletons
  6 rats
171 creatures vanquished.

Vanquished Creatures (others)
  A bullfrog zombie (D:6)
  An orc wizard (D:3)
2 creatures vanquished.

Grand Total: 173 creatures vanquished

Notes
Turn   | Place    | Note
-------+----------+-------------------------------------------
     0 | D:1      | Fang the Gargoyle Berserker began the quest for the Orb.
     0 | D:1      | Reached XP level 1. HP: 14/14 MP: 1/1
   111 | D:1      | Reached XP level 2. HP: 11/19 MP: 2/2
   572 | D:1      | Reached skill level 3 in Axes
   595 | D:1      | Reached XP level 3. HP: 21/24 MP: 3/3
   872 | D:2      | Reached ** piety under Trog
   934 | D:2      | Found a runed door.
   994 | D:2      | Reached skill level 1 in Stealth
  1284 | D:2      | Reached XP level 4. HP: 29/29 MP: 4/4
  1904 | D:2      | Noticed Crazy Yiuf
  1910 | D:2      | Killed Crazy Yiuf
  1910 | D:2      | Reached XP level 5. HP: 33/33 MP: 5/5
  2349 | D:3      | Reached skill level 4 in Axes
  2369 | D:3      | Noticed Ijyb
  2382 | D:3      | Reached XP level 6. HP: 38/38 MP: 6/6
  2387 | D:3      | Killed Ijyb
  2387 | D:3      | Reached *** piety under Trog
  3218 | D:4      | Reached skill level 5 in Axes
  3230 | D:4      | Found a bloodstained altar of Trog.
  3305 | D:4      | Noticed Grinder
  3324 | D:4      | Killed Grinder
  3324 | D:4      | Reached XP level 7. HP: 10/44 MP: 7/7
  3734 | D:5      | Entered Level 5 of the Dungeon
  4137 | D:5      | Noticed Blork the orc
  4153 | D:5      | Killed Blork the orc
  4153 | D:5      | Reached skill level 5 in Fighting
  4365 | D:5      | Found a radiant altar of Vehumet.
  4532 | D:5      | Reached skill level 6 in Axes
  5481 | D:6      | Reached XP level 8. HP: 28/49 MP: 8/8
  5656 | D:6      | Reached **** piety under Trog
  5656 | D:6      | Received a gift from Trog
  5836 | D:6      | Got a dazzling war axe
  5837 | D:6      | Identified the +11 war axe "Beastbane" {chop, Str+3} (You
                  | found it on level 6 of the Dungeon)
  6066 | D:6      | Found a shattered altar of Ashenzari.
  6189 | D:6      | Noticed Pikel
  6198 | D:6      | Killed Pikel
  6198 | D:6      | Reached skill level 7 in Axes
  6617 | D:6      | Reached XP level 9. HP: 50/55 MP: 9/9
  6694 | D:6      | Found Neoseosm's Weapon Shop.
  7105 | D:7      | Reached skill level 8 in Axes
  7308 | D:7      | Found a staircase to the Ecumenical Temple.
  7364 | D:7      | Noticed Menkaure
  7372 | D:7      | Killed Menkaure
  8160 | D:8      | Reached skill level 9 in Axes
  8160 | D:8      | Reached skill level 5 in Dodging
  8228 | D:8      | Found a staircase to the Lair.
  8311 | D:8      | Noticed a troll
  8312 | D:8      | Noticed a two-headed ogre
  8319 | D:8      | Killed a troll
  8322 | D:8      | Mangled by a two-headed ogre

Skill      XL: |  1  2  3  4  5  6  7  8  9 |
---------------+----------------------------+-----
Axes           | 3 4 5 6 7 9 |  9.4
Dodging        | 2 3 4 5 |  5.1
Fighting       | 4 5 6 7 |  7.1
Stealth        | 1 2 3 4 |  4.9
Armour         | |  2.3

Action                   |  1- 3 |  4- 6 |  7- 9 || total
-------------------------+-------+-------+-------++-------
Melee: Hand axe          |   115 |   215 |   217 ||   547
       War axe           |       |       |   104 ||   104
Invok: Berserk           |       |     3 |     5 ||     8
 Stab: Sleeping          |     1 |     1 |     5 ||     7
  Eat: Chunk             |       |     9 |     8 ||    17
       Ration            |       |       |     5 ||     5
Armor: Animal skin       |    43 |    85 |    90 ||   218
Dodge: Dodged            |    98 |   150 |   180 ||   428
